 Dungeon Crawl Stone Soup version 0.31-a0-339-gda1cbd555d (webtiles) character file.

Game seed: 1795997886553023791

17 BritishOli the Trooper (level 2, 24/24 HPs)
             Began as a Demonspawn Fighter on July 20, 2023.
             Got out of the dungeon alive.
             The game lasted 00:00:35 (347 turns).

BritishOli the Trooper (Demonspawn Fighter)          Turns: 347, Time: 00:00:36

Health: 24/24      AC:  6    Str: 16    XL:     2   Next: 44%
Magic:  2/2        EV:  8    Int: 11    God:
Gold:   11         SH:  4    Dex: 12    Spells: 1/1 levels left

rFire   . . .        a - +0 long sword
rCold   . . .        c - +0 buckler
rNeg    . . .        b - +0 scale mail
rPois   .            (no helmet)
rElec   .            (no cloak)
rCorr   .            (no gloves)
SInv    .            (no boots)
Will    .....        (no amulet) Stlth
                     (no ring)
HPRegen 0.24/turn    (no ring)
MPRegen 0.08/turn

%: no passive effects
@: no status effects
A: big brain 1
a: no special abilities


You escaped.
You visited 1 branch of the dungeon, and saw 1 of its levels.

You collected 11 gold pieces.

Inventory:

Hand Weapons
 a - a +0 long sword (weapon)
Armour
 b - a +0 scale mail (worn)
 c - a +0 buckler (worn)
Scrolls
 e - a scroll of identify {unknown}
Potions
 d - a potion of might
 f - a potion of berserk rage {unknown}


   Skills:
 + Level 3.2 Fighting
 + Level 2.0 Long Blades
 + Level 2.9 Armour
 + Level 2.9 Shields


You had one spell level left.
You didn't know any spells.
Your spell library contained the following spells:

 Spells                   Type           Power      Damage    Failure   Level
 Volatile Blastmotes      Fire/Tloc      0%         2d10      99%         3
 Fulminant Prism          Conj/Hex       0%         3d5       100%        4
 Iskenderun's Mystic Bla  Conj/Tloc      0%         2d3       100%        4


Dungeon Overview and Level Annotations

Branches:
Dungeon (1/15)

Altars:


Innate Abilities, Weirdness & Mutations

You have an unusually large brain. (Int +2)


Message History

No target in view!
No target in view!
No target in view!
No target in view!
No target in view!
No target in view!
No target in view!
No target in view!
No target in view!
Things that are here:
a jackal corpse; a jackal corpse; a hobgoblin corpse You see here a +0 club.
A ball python comes into view.
You slash the ball python!
You kill the ball python!
No target in view!
No target in view!
A ball python comes into view.
The ball python hisses angrily.
You closely miss the ball python.
The ball python bites you but does no damage.
The ball python grabs you. The ball python constricts you.
The ball python bites you but does no damage.
The ball python constricts you.
You closely miss the ball python. You block the ball python's attack.
The ball python constricts you.
You hit the ball python.
You kill the ball python!
No target in view!
No target in view!
No target in view!
No target in view!
No target in view!
No target in view!
No target in view!
No target in view!
You see here a ball python skeleton.
There is a staircase leading out of the dungeon here.
Are you sure you want to leave the Dungeon?
This will make you lose the game!
You have escaped!

♣♣♣♣♣♣♣♣♣
♣......@♣
♣.PPPPP.♣##
♣.P~~~P...##
♣.P~8~P.♣..#
♣.P~~~P.♣#.###
♣.PPPPP.♣#...#
♣.......♣###.#
♣♣♣♣♣♣♣♣♣ #.#
#.#


There were no monsters in sight!

Vanquished Creatures
  A giant cockroach (D:1)
  A hobgoblin (D:1)
  4 jackals (D:1)
  5 ball pythons (D:1)
  2 bats (D:1)
  A kobold (D:1)
  A rat (D:1)
15 creatures vanquished.

Notes
Turn   | Place    | Note
-------+----------+-------------------------------------------
     0 | D:1      | BritishOli the Demonspawn Fighter began the quest for the
                  | Orb.
     0 | D:1      | Reached XP level 1. HP: 18/18 MP: 1/1
   245 | D:1      | Gained mutation: You have an unusually large brain. (Int
                  | +2) [demonic ancestry]
   245 | D:1      | Reached XP level 2. HP: 23/24 MP: 2/2
   347 | D:$      | Got out of the dungeon alive.

Illustrated notes

Levels and vault maps discovered:
D:1:      tarquinn_simple_flora_water_a, layout_rooms, serial_shops,
          nicolae_shop_pleasant_corner_grove, serial_bayou_crossing

Skill      XL: |  1 |
---------------+----+-----
Long Blades    | 2 |  2.0
Fighting       | |  3.2
Armour         | |  2.9
Shields        | |  2.9

Action                     || total
---------------------------++-------
  Melee: Long sword        ||    56
 Armour: Scale mail        ||    44
  Dodge: Dodged            ||    24
  Block: Buckler           ||    20

Table legend: (Time is in decaauts)
 A = Elapsed time spent in this place.
 B = Non-inter-level travel time spent in this place.
 C = Inter-level travel time spent in this place.
 D = Time resting spent in this place.
 E = Time spent auto-exploring this place.
 F = Levels seen in this place.
 G = Mean time per level.
                   A        B        C        D        E       F      G
               +--------+--------+--------+--------+--------+-----+--------+
         Total |    372 |    298 |     74 |      0 |    187 |   1 |  372.0 |
       Dungeon |    372 |    298 |     74 |      0 |    187 |   1 |  372.0 |
               +--------+--------+--------+--------+--------+-----+--------+

Top non-repeatable levels by time:
     D:1: 372 daAuts
